 Dungeon Crawl Stone Soup version 0.19.1 (webtiles) character file.

674 Peloso the Shield-Bearer (level 7, -6/63 HPs)
             Began as a Deep Dwarf Fighter on Dec 10, 2016.
             Was an Initiate of the Shining One.
             Killed from afar by Dowan (24 damage)
             ... with a shard of ice
             ... on level 5 of the Dungeon.
             The game lasted 00:06:20 (2200 turns).

Peloso the Shield-Bearer (Deep Dwarf Fighter)       Turns: 2200, Time: 00:06:21

Health: -6/63      AC:  7    Str: 22    XL:     7   Next: 33%
Magic:  7/7        EV:  8    Int:  8    God:    the Shining One [......]
Gold:   224        SH: 10    Dex: 12    Spells: 0 memorised, 6 levels left

rFire  . . .     SeeInvis +     a - +0 long sword
rCold  . . .     Gourm    .     b - +0 scale mail
rNeg   . . .     Faith    .     c - +0 shield
rPois  .         Spirit   .     (no helmet)
rElec  .         Reflect  .     (no cloak)
rCorr  .         Harm     .     (no gloves)
MR     +....                    (no boots)
Stlth  ..........               (no amulet)
                                (no ring)
                                i - ring of see invisible

@: non-regenerating, glowing
A: damage resistance, recharge devices, sense surroundings 1, slow regeneration
3
a: Device Recharging, Renounce Religion


You were on level 5 of the Dungeon.
You worshipped the Shining One.
The Shining One was noncommittal.
You were near starving.

You visited 1 branch of the dungeon, and saw 5 of its levels.

You collected 224 gold pieces.

Inventory:

Hand Weapons
 a - a +0 long sword (weapon)
Armour
 b - a +0 scale mail (worn)
 c - a +0 shield (worn)
Jewellery
 i - a ring of see invisible (left hand)
Wands
 e - a wand of heal wounds (5/9)
Scrolls
 d - a scroll of remove curse {unknown}
 j - a scroll of teleportation
 k - 2 scrolls of enchant armour {unknown}
 m - 2 scrolls of identify {unknown}
 n - a scroll of blinking {unknown}
Potions
 h - 2 potions of lignification {unknown}
 l - a potion of ambrosia {unknown}
 p - 2 potions of flight {unknown}
 q - 2 potions of degeneration {unknown}
 s - a potion of heal wounds {unknown}
Books
 r - Jessica's Collected Works on Translocation
   (You found it on level 2 of the Dungeon)

   Spells                             Type                      Level
   a - Blink                          Translocation                2
Comestibles
 f - 4 bread rations
 g - a meat ration
 o - 2 beef jerkies


   Skills:
 + Level 3.7 Fighting
 + Level 5.1 Long Blades
 + Level 5.0 Armour
 + Level 1.5 Dodging
 + Level 0.3 Stealth
 + Level 5.7 Shields
 + Level 0.3 Evocations


You had 6 spell levels left.
You didn't know any spells.

Dungeon Overview and Level Annotations

Branches:
Dungeon (5/15)
 Temple: D:4-7

Altars:
Okawaru
Uskayaw
The Shining One

Annotations:
D:5 Dowan


Innate Abilities, Weirdness & Mutations

You are resistant to damage.
You can recharge devices by infusing magical energy.
You passively map a small area around you.
You do not regenerate.


Message History

You miss Dowan.
Dowan is heavily wounded.
Dowan mumbles some strange words.
Dowan blinks!
Dowan points at you and mumbles some strange words.
You block the shard of ice.
You hit Dowan.
Dowan is severely wounded.
You block Dowan's attack. x2
You hit Dowan but do no damage.
Dowan is severely wounded.
Dowan mumbles some strange words.
Dowan blinks!
Dowan breathes, "And she was my only..."
You hit Dowan but do no damage.
Dowan is severely wounded.
You block Dowan's attack. Dowan gestures at you while chanting.
The shard of ice hits you!
You die...

* ### ### ##* ,
,........ ,
###.#.#. * * *
....(. * *
#.#.###########
,#...).........#*.#
*
###.#########.##.#
* #........##.##.#
#.@#####.##.##.####
* * #.e#
#........... #..#
#........... ,*
#..#####...........
*
#..#..†............
*
#..#.####..........
...#.# #......(...
**#.##.#
#.....(.... #.#
#..........


You could see Dowan.

Vanquished Creatures
  The ghost of Legion1337 the Shield-Bearer, an amateur HuFi of Yredelemnul (D:3)
  Duvessa (D:5)
  A phantom (D:5)
  A scorpion (D:5)
  A centaur zombie (D:5)
  An orc wizard (D:2)
  An iguana (D:5)
  Jessica (D:2)
  A worker ant (D:4)
  5 adders
  3 worms
  A dart slug (D:4)
  A leopard gecko (D:1)
  3 orcs
  4 bats
  4 giant cockroaches
  3 goblins
  4 hobgoblins
  3 jackals (D:1)
  A quokka (D:2)
  A ball python (D:2)
  2 frilled lizards
  8 kobolds
  9 rats
61 creatures vanquished.

Notes
Turn   | Place    | Note
-------+----------+-------------------------------------------
     0 | D:1      | Peloso the Deep Dwarf Fighter began the quest for the Orb.
     0 | D:1      | Reached XP level 1. HP: 20/20 MP: 1/1
   157 | D:1      | Reached XP level 2. HP: 27/27 MP: 2/2
   625 | D:2      | Reached XP level 3. HP: 29/34 MP: 3/3
  1087 | D:2      | Noticed Jessica
  1107 | D:2      | Killed Jessica
  1107 | D:2      | Reached XP level 4. HP: 22/42 MP: 4/4
  1124 | D:2      | Identified Jessica's Collected Works on Translocation
  1223 | D:2      | HP: 2/42 [orc wizard/puff of flame (4)]
  1352 | D:3      | You fall through a shaft!
  1359 | D:4      | Noticed an enchanted hand axe
  1359 | D:4      | Noticed a dagger
  1372 | D:4      | Found a hide-covered altar of Uskayaw.
  1404 | D:3      | Noticed Legion1337's ghost (amateur HuFi)
  1415 | D:3      | Killed Legion1337's ghost
  1415 | D:3      | Reached skill level 1 in Dodging
  1415 | D:3      | Reached XP level 5. HP: 27/49 MP: 5/5
  1415 | D:3      | Reached XP level 6. HP: 31/56 MP: 6/6
  1447 | D:3      | Reached skill level 5 in Shields
  1450 | D:3      | Found a glowing golden altar of the Shining One.
  1453 | D:3      | Became a worshipper of the Shining One
  1672 | D:3      | Found an iron altar of Okawaru.
  2014 | D:5      | Entered Level 5 of the Dungeon
  2146 | D:5      | Reached XP level 7. HP: 21/63 MP: 7/7
  2161 | D:5      | Noticed Duvessa
  2163 | D:5      | Noticed Dowan
  2169 | D:5      | Killed Duvessa
  2169 | D:5      | Reached skill level 5 in Long Blades
  2169 | D:5      | Reached skill level 5 in Armour
  2178 | D:5      | HP: 1/63 [Dowan/stone arrow (6)]
  2200 | D:5      | Killed from afar by Dowan

Skill      XL: |  1  2  3  4  5  6  7 |
---------------+----------------------+-----
Fighting       | 3 |  3.7
Shields        | 4 5 |  5.7
Long Blades    | 4 5 |  5.1
Armour         | 4 5 |  5.0
Dodging        | 1 |  1.5
Stealth        | |  0.3
Evocations     | |  0.3

Action                   |  1- 3 |  4- 6 |  7- 9 || total
-------------------------+-------+-------+-------++-------
Melee: Long sword        |    99 |   127 |    28 ||   254
Evoke: Wand              |       |     3 |     1 ||     4
  Use: Scroll            |       |     2 |       ||     2
       Potion            |       |     1 |       ||     1
  Eat: Chunk             |     1 |     2 |       ||     3
Armor: Scale mail        |    56 |    34 |    10 ||   100
Dodge: Dodged            |    29 |    32 |     8 ||    69
Block: Shield            |    41 |    58 |    16 ||   115
       Rpst.: Long sword |    14 |     9 |     1 ||    24
